 Dungeon Crawl Stone Soup version 0.29-a0-380-gf50f0a9fbc (webtiles) character file.

Game seed: 10152034604437890261

2985 jlumianski the Cleaver (level 9, -2/69 HPs)
             Began as a Demonspawn Fighter on May 5, 2022.
             Was a Follower of Qazlal.
             Slain by Maggie
             ... wielding a +1 halberd of flaming
              (4 damage)
             ... on level 7 of the Dungeon.
             The game lasted 00:27:00 (7832 turns).

jlumianski the Cleaver (Demonspawn Fighter)         Turns: 7832, Time: 00:27:04

Health: -2/69      AC:  7    Str: 22    XL:     9   Next: 53%
Magic:  9/9        EV: 11    Int:  9    God:    Qazlal [*.....]
Gold:   333        SH:  1    Dex: 16    Spells: 8/8 levels left

rFire   + . .      SeeInvis .   P - +3 battleaxe (freeze)
rCold   x . .      Faith    .   (shield currently unavailable)
rNeg    + . .      Spirit   .   f - +0 chain mail
rPois   +          Reflect  .   E - +0 helmet "Urumokh" {*Corrode rN+ Str+2 Dex+2}
rElec   .          Harm     .   C - scarf {repulsion}
rCorr   .          Rampage  .   (no gloves)
Will    .....                   (no boots)
Stlth   ..........              (no amulet)
HPRegen 0.21/turn               y - ring of fire
MPRegen 0.11/turn               X - ring of poison resistance

@: about to teleport, corroded, mesmerised, repel missiles
A: foul stench 1, sturdy frame 2, condensation shield, weakness stinger 2
a: Renounce Religion


You were on level 7 of the Dungeon.
You worshipped Qazlal.
Qazlal was aware of your devotion.
You visited 2 branches of the dungeon, and saw 9 of its levels.

You collected 333 gold pieces.

Inventory:

Hand Weapons
 a - a +0 war axe
 d - a +2 dagger of freezing
 e - a +5 hunting sling
 j - a +3 quarterstaff of chaos
 k - a +0 dagger of freezing
 x - a +2 dagger of electrocution
 J - a +1 dagger of venom
 M - a +2 dagger of venom
 O - the +9 short sword of Rataodix {flame, rPois Str-4 Dex+4}
   (You took it off a gnoll on level 5 of the Dungeon)

   It burns those it strikes, dealing additional fire damage.
   Str:       It affects your strength (-4).
   Dex:       It affects your dexterity (+4).
   rPois:     It protects you from poison.
 P - a +3 battleaxe of freezing (weapon)
 Q - a +1 hand axe of freezing
 V - a +0 arbalest
Missiles
 h - 389 stones
 v - 10 boomerangs (quivered)
 B - 13 poisoned darts
 D - 9 javelins
 S - a curare-tipped dart
Armour
 b - a +0 scale mail
 c - a +0 buckler
 f - a +0 chain mail (worn)
 q - a +1 helmet
 C - a scarf of repulsion (worn)
 E - the +0 helmet "Urumokh" (worn) {*Corrode rN+ Str+2 Dex+2}
   (You found it on level 6 of the Dungeon)

   Str:       It affects your strength (+2).
   Dex:       It affects your dexterity (+2).
   rN:        It protects you from negative energy.
   *Corrode:  It may corrode you when you take damage.
 G - a +0 cloak
 R - a +0 helmet
Magical Staves
 s - a staff of fire
 w - a staff of conjuration
Jewellery
 y - a ring of fire (left hand)
 F - a ring of wizardry
 X - a ring of poison resistance (right hand)
Wands
 p - a wand of flame (58)
 r - a wand of digging (3)
 H - a wand of acid (2)
 N - a wand of paralysis (5)
Scrolls
 g - 2 scrolls of teleportation
 i - 2 scrolls of immolation
 o - a scroll of amnesia
 u - 2 scrolls of fog
 W - a scroll of identify
Potions
 l - 2 potions of curing
 m - a potion of degeneration
 n - a potion of ambrosia
 t - a potion of resistance
 A - a potion of brilliance
 I - a potion of flight {unknown}
 K - a potion of mutation {unknown}
 L - a potion of cancellation {unknown}
 T - a potion of invisibility {unknown}
 U - a potion of haste


   Skills:
 + Level 5.7 Fighting
 + Level 8.5 Axes
 + Level 0.7 Throwing
 + Level 5.6 Armour
 + Level 2.8 Dodging
 + Level 0.8 Stealth
 + Level 5.3 Shields


You had 8 spell levels left.
You didn't know any spells.
Your spell library contained the following spells:

 Spells                   Type           Power      Damage    Failure   Level
 Beastly Appendage        Tmut           0%         N/A       77%         1
 Foxfire                  Conj/Fire      0%         2x1d4     77%         1
 Wereblood                Tmut           0%         N/A       88%         2
 Conjure Flame            Conj/Fire      0%         6-21      98%         3
 Inner Flame              Hex/Fire       0%         N/A       98%         3
 Spider Form              Tmut/Pois      0%         N/A       98%         3
 Flame Wave               Conj/Fire      0%         2d4       100%        4


Dungeon Overview and Level Annotations

Branches:
Dungeon (8/15)             Temple (1/1) D:6
   Lair: D:8-11

Altars:
Ashenzari
Cheibriados
Dithmenos
Elyvilon
Gozag
Hepliaklqana
Kikubaaqudgha
Makhleb
Nemelex Xobeh
Okawaru
Qazlal
Ru
Sif Muna
Trog
Uskayaw
Vehumet
Wu Jian
Xom
Yredelemnul
Zin
The Shining One

Shops:
D:3 :

Annotations:
D:4 Blork the orc
D:7 Maggie


Innate Abilities, Weirdness & Mutations

You may rarely emit foul miasma when damaged in melee.
Your movements are less encumbered by armour. (ER -4)
A meltable shield of frost defends you. (SH +0)
You have a tail ending in a sharp stinger.


Message History

You miss the killer bee.
Your tail-slap misses the killer bee.
You slash the killer bee! You freeze the killer bee. You miss the killer bee.
The killer bee stings you.
* * * LOW HITPOINT WARNING * * *
The killer bee is engulfed in blazing flames.
The killer bee misses you. The killer bee barely misses you.
The killer bee stings you.
* * * LOW HITPOINT WARNING * * *
The killer bee closely misses you.
The killer bee is engulfed in blazing flames.
The killer bee stings you but does no damage. x2
Maggie hits you from afar with a +1 halberd of flaming.
* * * LOW HITPOINT WARNING * * *
The killer bee completely misses you.
The killer bee is engulfed in blazing flames.
You kill the killer bee!
Qazlal accepts your kill.
You feel much better. The killer bee stings you. x2
The killer bee barely misses you. Maggie closely misses you.
The killer bee stings you.
As you read the scroll of teleportation, it crumbles to dust.
You feel strangely unstable.
The killer bee stings you but does no damage.
The killer bee stings you.
* * * LOW HITPOINT WARNING * * *
The killer bee completely misses you. Maggie closely misses you.
The killer bee closely misses you.
You miss the killer bee.
The killer bee is almost dead.
You barely miss the killer bee. The killer bee barely misses you. x3
The killer bee stings you but does no damage.
Maggie closely misses you.
You miss the killer bee.
Your tail-slap misses the killer bee.
The killer bee is almost dead.
You miss the killer bee. The killer bee closely misses you.
The killer bee barely misses you. x3
Maggie hits you from afar with a +1 halberd of flaming!
* * * LOW HITPOINT WARNING * * *
Maggie burns you.
You die...

..# #........##
#.###......... ..#
#.....#♣##. #.##.. .......
..# #.....## #.##.##.#
....... ..######+#.#
#.##.#..##....... ..#.#
#.#.# #.#..............
....####...#
#.#......#.##.##.
#..........#.#.##zz..#..#
###.####.#.#.#.##y@#.......
... #.#
#.#.#....@..........# ....
#.####.#.###.##y...##....#
.... #........[.........#
..... ....
######[#.###.....#.# ##..#.
#. #.[.............# ..
#.##. #.######.....#..#
.... #.#.............# .#^#
#................ #
##....#########.#### ######


You could see Maggie (mesmerising), 2 killer bees and 2 wights.

Vanquished Creatures
  Sigmund (D:4)
  A wyvern (D:6)
  Eustachio (D:6)
  Edmund (D:4)
  A water moccasin (D:3)
  Duvessa (D:5)
  A black bear (D:5)
  A sky beast (D:7)
  2 ogres
  2 centaurs
  2 phantoms
  2 kobold brigands
  A bullfrog (D:8)
  2 scorpions
  A necrophage (D:7)
  9 wights
  Dowan (D:5)
  A killer bee (D:7)
  A howler monkey (D:4)
  2 hounds
  A jelly (D:7)
  Crazy Yiuf (D:4)
  A gnoll shaman (D:5)
  3 iguanas (D:6)
  3 orc wizards
  Robin (D:1)
  6 gnolls
  8 adders
  A white imp (D:7)
  An ufetubus (D:7)
  A worm (D:2)
  2 dart slugs
  16 orcs
  5 ball pythons
  4 bats
  7 endoplasms
  A giant cockroach (D:2)
  15 goblins
  21 hobgoblins
  3 jackals (D:2)
  14 kobolds
  3 quokkas
  2 frilled lizards (D:1)
  4 rats
158 creatures vanquished.

Vanquished Creatures (others)
  3 plants
3 creatures vanquished.

Grand Total: 161 creatures vanquished

Notes
Turn   | Place    | Note
-------+----------+-------------------------------------------
     0 | D:1      | jlumianski the Demonspawn Fighter began the quest for the
                  | Orb.
     0 | D:1      | Reached XP level 1. HP: 18/18 MP: 1/1
    67 | D:1      | Found a faded altar of an unknown god.
   219 | D:1      | Gained mutation: You have a small tail. [demonic ancestry]
   219 | D:1      | Reached XP level 2. HP: 24/24 MP: 2/2
   732 | D:2      | Noticed Robin
   740 | D:2      | Reached skill level 2 in Axes
   796 | D:1      | Killed Robin
   797 | D:1      | Gained mutation: You have a tail ending in a sharp stinger.
                  | [demonic ancestry]
   797 | D:1      | Reached XP level 3. HP: 10/29 MP: 3/3
  1612 | D:2      | Reached XP level 4. HP: 31/36 MP: 4/4
  2225 | D:3      | Reached skill level 3 in Axes
  2263 | D:3      | Found Gulaysum's Book Emporium.
  2624 | D:3      | Noticed a phantom
  2633 | D:3      | Found a shadowy altar of Dithmenos.
  2635 | D:3      | Killed a phantom
  2636 | D:3      | Gained mutation: You may rarely emit foul miasma when
                  | damaged in melee. [demonic ancestry]
  2636 | D:3      | Reached XP level 5. HP: 25/42 MP: 5/5
  3141 | D:4      | Found a hide-covered altar of Uskayaw.
  3141 | D:4      | Found a shimmering altar of Xom.
  3141 | D:4      | Noticed a water moccasin
  3150 | D:3      | Killed a water moccasin
  3151 | D:3      | Reached skill level 4 in Axes
  3151 | D:3      | Gained mutation: A meltable shield of frost defends you.
                  | (SH +0) [demonic ancestry]
  3151 | D:3      | Reached XP level 6. HP: 33/48 MP: 6/6
  3252 | D:4      | Found an opulent altar of Gozag.
  3305 | D:4      | Found a sparkling altar of Nemelex Xobeh.
  3306 | D:4      | Found a bloodstained altar of Trog.
  3406 | D:4      | Reached skill level 1 in Dodging
  3414 | D:4      | Noticed Edmund
  3425 | D:4      | Killed Edmund
  3426 | D:4      | Gained mutation: Your movements are slightly less
                  | encumbered by armour. (ER -2) [demonic ancestry]
  3426 | D:4      | Reached XP level 7. HP: 20/54 MP: 7/7
  3752 | D:4      | Reached skill level 5 in Axes
  3783 | D:4      | Noticed Blork the orc
  4034 | D:4      | Found a runed translucent door.
  4035 | D:4      | Noticed Crazy Yiuf
  4103 | D:4      | Found a shimmering blue altar of Sif Muna.
  4220 | D:4      | Noticed Sigmund
  4230 | D:4      | Killed Sigmund
  4349 | D:4      | Killed Crazy Yiuf
  4524 | D:5      | Entered Level 5 of the Dungeon
  4664 | D:5      | Gained mutation: Your movements are less encumbered by
                  | armour. (ER -4) [demonic ancestry]
  4664 | D:5      | Reached XP level 8. HP: 47/61 MP: 8/8
  4678 | D:5      | Reached skill level 6 in Axes
  4692 | D:5      | Noticed Dowan
  4694 | D:5      | Noticed Duvessa
  4727 | D:5      | Killed Dowan
  5020 | D:5      | Killed Duvessa
  5452 | D:5      | Identified the +9 short sword of Rataodix {flame, rPois
                  | Str-4 Dex+4}
  5828 | D:6      | Reached skill level 5 in Armour
  5932 | D:6      | Identified the +0 helmet "Urumokh" {*Corrode rN+ Str+2
                  | Dex+2}
  5990 | D:5      | Reached skill level 5 in Fighting
  5990 | D:5      | Reached skill level 7 in Axes
  5990 | D:5      | Reached skill level 5 in Shields
  6227 | D:6      | Noticed Eustachio
  6252 | D:6      | Killed Eustachio
  6351 | D:6      | Reached XP level 9. HP: 59/68 MP: 9/9
  6733 | D:6      | Found a staircase to the Ecumenical Temple.
  6743 | Temple   | Entered the Ecumenical Temple
  6826 | Temple   | Became a worshipper of Qazlal Stormbringer
  7153 | D:7      | Reached * piety under Qazlal
  7374 | D:8      | Reached skill level 8 in Axes
  7809 | D:7      | Noticed Maggie
  7832 | D:7      | HP: 2/69 [Maggie/+1 halberd of flaming (16)]
  7832 | D:7      | Slain by Maggie

Illustrated notes

Levels and vault maps discovered:
D:1:      heliophobic_arrival_ceremonial_halls, layout_loops_ring,
          dreamdust_ecumenical_altar_grove, palyth_stone_intersect
D:2:      kennysheep_big_flooded_room, layout_basic, uniq_robin
D:3:      layout_basic, grunt_dithmenos_smoke, serial_shops, shop,
          portal_sewer_entry_e, chequers_serial_rivers_large_a
D:4:      layout_loops_ring, grunt_temple_overflow_open, tgw_sif, uniq_edmund,
          uniq_sigmund, uniq_crazy_yiuf_cottage
D:5:      layout_basic, uniq_duvessa
D:6:      layout_rooms, temple_statues, serial_bayou_pond_a, hex_tiny,
          uniq_eustachio
D:7:      corexii_shantytown, layout_basic, fedhas_altar_4, grunt_ministairs_8,
          minmay_misc_feat_enclosed, minmay_stone_trees_large,
          hangedman_abyss_or_decor_lesser_grid, uniq_maggie
D:8:      layout_loops_corners, due_lair_maze_entry_diamond,
          ploomutoo_gammafunk_ghost_potion_laboratory
Temple:   nicolae_temple_great_sept

Skill      XL: |  1  2  3  4  5  6  7  8  9 |
---------------+----------------------------+-----
Axes           | 2 3 4 5 7 8 |  8.5
Armour         | 3 4 5 |  5.6
Shields        | 3 4 5 |  5.3
Fighting       | 4 5 |  5.7
Dodging        | 1 2 |  2.8
Throwing       | |  0.7
Stealth        | |  0.8

Action                   |  1- 3 |  4- 6 |  7- 9 || total
-------------------------+-------+-------+-------++-------
Melee: War axe           |   104 |    97 |   182 ||   383
       Tailslap          |     8 |     9 |    43 ||    60
       Battleaxe         |       |       |    95 ||    95
Throw: Dart              |       |     4 |       ||     4
  Use: Scroll            |       |    10 |     2 ||    12
       Potion            |       |     3 |     5 ||     8
Armor: Chain mail        |    73 |    70 |   123 ||   266
       Scale mail        |     2 |       |       ||     2
Dodge: Dodged            |    31 |    41 |   157 ||   229
       Repelled          |       |       |     1 ||     1
Block: Buckler           |    29 |    29 |    93 ||   151
       Other             |       |       |    29 ||    29

Table legend: (Time is in decaauts)
 A = Elapsed time spent in this place.
 B = Non-inter-level travel time spent in this place.
 C = Inter-level travel time spent in this place.
 D = Time resting spent in this place.
 E = Time spent auto-exploring this place.
 F = Levels seen in this place.
 G = Mean time per level.
                   A        B        C        D        E       F      G
               +--------+--------+--------+--------+--------+-----+--------+
         Total |   8008 |   7904 |    104 |    981 |   4410 |   9 |  889.8 |
       Dungeon |   7905 |   7801 |    104 |    981 |   4410 |   8 |  988.1 |
        Temple |    102 |    102 |      0 |      0 |      0 |   1 |  102.0 |
               +--------+--------+--------+--------+--------+-----+--------+

Top non-repeatable levels by time:
     D:4: 1617 daAuts
     D:2: 1192 daAuts
     D:5: 1165 daAuts
     D:3: 1108 daAuts
     D:1: 1023 daAuts
     D:6: 903 daAuts
     D:7: 871 daAuts
  Temple: 102 daAuts
     D:8: 24 daAuts
